 Dungeon Crawl Stone Soup version 0.30-a0-121-gb27577e5d9 (webtiles) character file.

Game seed: 1583530693887123234

32 NinjaNoafa the Ruffian (level 3, -2/36 HPs)
             Began as a Troll Monk on Sept 14, 2022.
             Slain by a gnoll
             ... wielding a +0 halberd
              (9 damage)
             ... on level 2 of the Dungeon.
             The game lasted 00:02:55 (902 turns).

NinjaNoafa the Ruffian (Troll Monk)                  Turns: 902, Time: 00:02:55

Health: -2/36      AC:  4    Str: 19    XL:     3   Next: 10%
Magic:  2/2        EV: 10    Int:  6    God:
Gold:   66         SH:  0    Dex: 14    Spells: 2/2 levels left

rFire   . . .      SeeInvis .      - Unarmed
rCold   . . .      Faith    .    (no shield)
rNeg    . . .      Spirit   .    a - +0 robe
rPois   .          Reflect  .    (helmet restricted)
rElec   .          Harm     .    (no cloak)
rCorr   .          Rampage  .    (gloves unavailable)
Will    .....                    (boots unavailable)
Stlth   ++........               (no amulet)
HPRegen 0.92/turn                (no ring)
MPRegen 0.08/turn                (no ring)

@: no status effects
A: large, unfitting armour, claws 3, regeneration 1, shaggy fur 1, tough skin 1
a: no special abilities


You were on level 2 of the Dungeon.
You visited 1 branch of the dungeon, and saw 2 of its levels.

You collected 66 gold pieces.

Inventory:

Missiles
 c - 12 stones (quivered)
 d - 2 atropa-tipped darts
Armour
 a - a +0 robe (worn)
Scrolls
 e - a scroll of noise {unknown}
Potions
 b - a potion of ambrosia
 f - a potion of might
 g - a potion of attraction {unknown}


   Skills:
 - Level 2.4 Fighting
 - Level 2.4 Dodging
 - Level 1.0 Stealth
 + Level 4.3 Unarmed Combat


You had 2 spell levels left.
You didn't know any spells.
Your spell library was empty.

Dungeon Overview and Level Annotations

Branches:
Dungeon (2/15)

Altars:
Trog

Shops:
D:1 *


Innate Abilities, Weirdness & Mutations

You are too large for most types of armour.
You have claws for hands.
Your natural rate of healing is unusually fast.
You are covered in fur. (AC +1)
You have tough skin. (AC +1)


Message History

As you read the scroll labelled QECWU LOUWABYRE, it crumbles to dust.
It is a scroll of identify.
Really abort (and waste the scroll)? [Y]es or [N]o only, please.
Really abort (and waste the scroll)?
Uppercase [Y]es or [N]o only, please.
Really abort (and waste the scroll)?
f - a potion of might You travel at normal speed.
You aren't carrying any scrolls.
e - a scroll labelled RIAVIXTYMES Unknown command.
Found a stone staircase leading up.
Really walk into that teleport trap?
You enter a teleport trap!
The teleport trap disappears.
Your surroundings suddenly seem different.
Found 8 gold pieces and 6 stones.
You now have 66 gold pieces (gained 8).
c - 12 stones (gained 6)
A hobgoblin comes into view.
The hobgoblin shouts!
You claw the hobgoblin!
You kill the hobgoblin!
You see here a hobgoblin corpse.
A gnoll comes into view. It is wielding a +0 halberd.
The gnoll shouts!
You hear a shout!
A gnoll is nearby! 2 gnolls come into view.
A gnoll is wielding a +0 vorpal spear.
The gnoll shouts!
The gnoll hits you with a +0 halberd. The gnoll barely misses you.
The gnoll closely misses you. The gnoll hits you but does no damage.
A gnoll comes into view. It is wielding a +0 club.
You closely miss the gnoll. The gnoll hits you with a +0 spear.
The gnoll hits you with a +0 halberd!
The gnoll hits you from afar with a +0 vorpal spear!
* * * LOW HITPOINT WARNING * * *
x2 You barely miss the gnoll.
The gnoll closely misses you. The gnoll hits you with a +0 halberd!
You die...

#...........## ##
#####...##### .. #...#
#. #...# ####.## #...# #
.##.....########.## #
........##...###.# ###
.....gg.##.......# #..
.g.....@.......#######.#
..#....g................
#####........#######.#
#......†.##### #.#
#..)..#.......# #..
#.......######†# ###
#....... #.# #.......#
####.#### ##.....##
#.......#


You could see 4 gnolls.

Vanquished Creatures
  An adder (D:2)
  2 dart slugs
  3 ball pythons (D:1)
  An endoplasm (D:1)
  2 goblins (D:1)
  4 hobgoblins
  A quokka (D:1)
  2 bats (D:1)
  2 frilled lizards
  A kobold (D:1)
  2 rats (D:1)
21 creatures vanquished.

Notes
Turn   | Place    | Note
-------+----------+-------------------------------------------
     0 | D:1      | NinjaNoafa the Troll Monk began the quest for the Orb.
     0 | D:1      | Reached XP level 1. HP: 22/22 MP: 0/0
   185 | D:1      | Found a faded altar of an unknown god.
   216 | D:1      | Reached XP level 2. HP: 29/29 MP: 1/1
   689 | D:1      | Found Tame's Assorted Antiques.
   852 | D:2      | Found a bloodstained altar of Trog.
   854 | D:2      | Reached skill level 4 in Unarmed Combat
   854 | D:2      | Reached XP level 3. HP: 34/36 MP: 2/2
   902 | D:2      | Slain by a gnoll

Illustrated notes

Levels and vault maps discovered:
D:1:      dpeg_arrival_renting, layout_loops_ring,
          ebering_ecumenical_altar_hall, serial_shops,
          nicolae_shop_hallway_stairs, grunt_decor_mini_mirrors
D:2:      layout_loops_cross, basic_altar, uniq_sigmund

Skill      XL: |  1  2 |
---------------+-------+-----
Unarmed Combat | 4 |  4.3
Fighting       | |  2.4
Dodging        | |  2.4
Stealth        | |  1.0

Action                   || total
-------------------------++-------
Melee: Unarmed           ||    42
Throw: Stone             ||     2
  Use: Scroll            ||     1
 Stab: Sleeping          ||     1
Armor: Robe              ||    16
Dodge: Dodged            ||    34

Table legend: (Time is in decaauts)
 A = Elapsed time spent in this place.
 B = Non-inter-level travel time spent in this place.
 C = Inter-level travel time spent in this place.
 D = Time resting spent in this place.
 E = Time spent auto-exploring this place.
 F = Levels seen in this place.
 G = Mean time per level.
                   A        B        C        D        E       F      G
               +--------+--------+--------+--------+--------+-----+--------+
         Total |    898 |    897 |      1 |      0 |    729 |   2 |  449.0 |
       Dungeon |    898 |    897 |      1 |      0 |    729 |   2 |  449.0 |
               +--------+--------+--------+--------+--------+-----+--------+

Top non-repeatable levels by time:
     D:1: 813 daAuts
     D:2: 85 daAuts
